 Dungeon Crawl Stone Soup version 0.26-a0-440-gcc164c8 (webtiles) character file.

Game seed: 4392756425310278754

30 Cunctator the Insei (level 3, -16/28 HPs)
             Began as a Gnoll Transmuter on July 26, 2020.
             Demolished by a goblin
             ... wielding a +2 dagger of electrocution
              (17 damage)
             ... on level 2 of the Dungeon.
             The game lasted 00:03:32 (1005 turns).

Cunctator the Insei (Gnoll Transmuter)              Turns: 1005, Time: 00:03:33

Health: -16/28     AC:  2    Str: 12    XL:     3   Next: 18%
Magic:  7/9        EV: 14    Int: 16    God:
Gold:   50         SH:  0    Dex: 15    Spells: 11/12 levels left

rFire    . . .     SeeInvis .   f - +0 mace
rCold    . . .     Faith    .   (no shield)
rNeg     . . .     Spirit   .   a - +0 robe
rPois    .         Reflect  .   (no helmet)
rElec    .         Harm     .   (no cloak)
rCorr    .                      (no gloves)
MR       .....                  (no boots)
Stlth    ++........             (no amulet)
HPRegen  0.09/turn              (no ring)
MPRegen  0.11/turn              (no ring)

@: mighty, lethally poisoned (-16 -> -20)
A: distributed training, fangs 1, strong nose
a: no special abilities


You were on level 2 of the Dungeon.
You visited 1 branch of the dungeon, and saw 2 of its levels.

You collected 50 gold pieces.


Innate Abilities, Weirdness & Mutations

Your experience applies equally to all skills.
You have very sharp teeth.
Your uncanny sense of smell can sniff out nearby items.


   Skills:
 + Level 2.5 Fighting
 + Level 0.6 Short Blades
 + Level 0.6 Long Blades
 + Level 0.6 Axes
 + Level 0.6 Maces & Flails
 + Level 0.6 Polearms
 + Level 0.6 Staves
 + Level 0.6 Slings
 + Level 0.6 Bows
 + Level 0.6 Crossbows
 + Level 0.6 Throwing
 + Level 0.6 Armour
 + Level 4.5 Dodging
 + Level 0.6 Stealth
 + Level 0.6 Shields
 + Level 6.5 Unarmed Combat
 + Level 5.0 Spellcasting
 + Level 0.4 Conjurations
 + Level 0.4 Hexes
 + Level 0.4 Summonings
 + Level 0.4 Necromancy
 + Level 0.4 Translocations
 + Level 3.7 Transmutations
 + Level 0.4 Fire Magic
 + Level 0.4 Ice Magic
 + Level 0.4 Air Magic
 + Level 0.4 Earth Magic
 + Level 0.4 Poison Magic
 + Level 0.8 Invocations
 + Level 0.6 Evocations


You had 11 spell levels left.
You knew the following spells:

 Your Spells              Type           Power        Failure   Level
z - Beastly Appendage     Tmut           ###...       3%          1

Your spell library contained the following spells:

 Spells                   Type           Power        Failure   Level
 Wereblood                Tmut           ###.....     4%          2
 Spider Form              Tmut/Pois      ##........   19%         3
 Ice Form                 Ice/Tmut       ##......     54%         4
 Blade Hands              Tmut           ###.......   65%         5

Inventory:

Hand Weapons
 d - a +0 club
 f - a +0 mace (weapon)
Missiles
 b - 98 stones (quivered)
 g - 35 arrows
 k - 12 bolts
Armour
 a - a +0 robe (worn)
Scrolls
 c - a scroll of fog {unknown}
 e - a scroll of immolation {unknown}
 h - 2 scrolls of identify {unknown}
Potions
 i - a potion of curing {unknown}
 l - a potion of lignification {unknown}

Dungeon Overview and Level Annotations

Branches:
Dungeon (2/15)

Altars:

▒▒ .. ∆ ∆ ▒. ▒[
▒▒▒▒▒▒.▒▒▒▒▒
.......gg..▒.▒
.▒▒▒▒▒.▒▒▒.▒.▒ ▒.
▒. ▒.▒.▒▒▒ ▒▒..▒
▒.▒▒▒g▒.▒.. ....
▒[▒...▒.▒.▒ ▒..
▒.▒.▒.▒.▒.▒ ▒.
▒.▒.▒▒▒.▒.▒▒▒▒▒▒▒▒.
▒.▒>..g............
▒.▒▒▒▒▒.▒▒▒......


You could see a goblin.


Message History

The adder barely misses you. The adder bites you but does no damage.
You sock the adder!
The adder is severely wounded.
The adder barely misses you. The adder bites you.
* * * LOW HITPOINT WARNING * * *
You barely miss the adder.
The adder is severely wounded.
* * * LOW HITPOINT WARNING * * *
You feel sick. The adder barely misses you. The adder closely misses you.
You sock the adder!
You kill the adder!
Your Spellcasting skill increases to level 5!
You have reached level 3!
Your experience leads to an increase in your attributes!
Increase (s)trength, (i)ntelligence, or (d)exterity?
You feel clever.
* * * LOW HITPOINT WARNING * * *
You feel sick. The goblin completely misses you.
It was a potion of might.
You feel very mighty all of a sudden.
The goblin hits you with a +2 dagger of electrocution.
* * * LOW HITPOINT WARNING * * *
You are electrocuted!
Ouch! That really hurt!
You die...

Action                   || total
-------------------------++-------
Melee: Unarmed           ||    12
       Headbutt          ||     2
       Mace              ||    31
       Bite              ||     3
 Cast: Beastly Appendage ||     4
  Use: Potion            ||     1
Armor: Robe              ||     5
Dodge: Dodged            ||    38

Levels and vault maps discovered:
D:1:      lightli_arrival_flooded_house, layout_loops_ring
D:2:      layout_basic, yredelemnul_altar_generic, minmay_fractal_squares_5

Notes
Turn   | Place    | Note
-------+----------+-------------------------------------------
     0 | D:1      | Cunctator the Gnoll Transmuter began the quest for the Orb.
     0 | D:1      | Reached XP level 1. HP: 17/17 MP: 6/6
   168 | D:1      | Reached XP level 2. HP: 23/23 MP: 7/7
  1003 | D:2      | HP: 2/23 [poisoned by an adder]
  1004 | D:2      | Reached skill level 5 in Spellcasting
  1004 | D:2      | Reached XP level 3. HP: 3/28 MP: 7/9
  1005 | D:2      | Demolished by a goblin

Vanquished Creatures
  An adder (D:2)
  2 dart slugs (D:1)
  A leopard gecko (D:1)
  A bat (D:1)
  A giant cockroach (D:1)
  A goblin (D:1)
  3 hobgoblins (D:1)
  A frilled lizard (D:1)
  3 kobolds (D:1)
  2 rats (D:1)
16 creatures vanquished.
